 Dungeon Crawl Stone Soup version 0.27-a0-1139-g28e009f8a6 (webtiles) character file.

Game seed: 9649232045386894387

2305 Gargoyl the Skirmisher (level 9, -2/81 HPs)
             Began as a Gnoll Abyssal Knight on May 8, 2021.
             Was a Priest of Lugonu.
             Slain by a water moccasin (4 damage)
             ... on level 7 of the Dungeon.
             The game lasted 00:10:32 (6467 turns).

Gargoyl the Skirmisher (Gnoll Abyssal Knight)       Turns: 6467, Time: 00:10:32

Health: -2/81      AC: 16    Str: 16    XL:     9   Next: 41%
Magic:  12/13      EV: 10    Int: 11    God:    Lugonu [***...]
Gold:   428        SH:  0    Dex: 11    Spells: 16/16 levels left

rFire    . . .     SeeInvis .   m - +0 war axe
rCold    . . .     Faith    .   (no shield)
rNeg     . . .     Spirit   .   d - +0 plate armour
rPois    .         Reflect  .   e - +0 helmet
rElec    .         Harm     .   b - +0 cloak
rCorr    .         Rampage  .   g - +0 pair of gloves
Will     .....     Clarity  +   (no boots)
Stlth    ..........             (no amulet)
HPRegen  0.23/turn              i - +4 ring of evasion
MPRegen  0.13/turn              (no ring)

@: lethally poisoned (-2 -> -16), silenced, flying
A: fangs 1, strong nose, distributed training, clarity, low mp 1, robust 1
a: Renounce Religion


You were on level 7 of the Dungeon.
You worshipped Lugonu.
Lugonu was most pleased with you.
You visited 1 branch of the dungeon, and saw 7 of its levels.
You visited the Abyss 1 time.

You collected 428 gold pieces.

Inventory:

Hand Weapons
 a - a +1 hand axe
 m - a +0 war axe (weapon)
Missiles
 p - 5 javelins
Armour
 b - a +0 cloak (worn)
 d - a +0 plate armour (worn)
 e - a +0 helmet (worn)
 g - a +0 pair of gloves (worn)
Jewellery
 i - a +4 ring of evasion (left hand)
Wands
 c - a wand of polymorph (11)
 h - a wand of digging (7)
 k - a wand of iceblast (9)
Scrolls
 l - 3 scrolls of identify
Potions
 f - a potion of mutation
 j - a potion of brilliance
 n - a potion of flight


   Skills:
 + Level 7.9 Fighting
 + Level 4.2 Short Blades
 + Level 4.2 Long Blades
 + Level 6.3 Axes
 + Level 4.2 Maces & Flails
 + Level 4.2 Polearms
 + Level 4.2 Staves
 + Level 4.2 Slings
 + Level 4.2 Bows
 + Level 4.2 Crossbows
 + Level 4.2 Throwing
 + Level 6.3 Armour
 + Level 5.0 Dodging
 + Level 4.2 Stealth
 + Level 4.2 Shields
 + Level 4.2 Unarmed Combat
 + Level 4.2 Spellcasting
 + Level 3.4 Conjurations
 + Level 3.4 Hexes
 + Level 3.4 Summonings
 + Level 3.4 Necromancy
 + Level 3.4 Translocations
 + Level 3.4 Transmutations
 + Level 3.4 Fire Magic
 + Level 3.4 Ice Magic
 + Level 3.4 Air Magic
 + Level 3.4 Earth Magic
 + Level 3.4 Poison Magic
 + Level 6.6 Invocations
 + Level 4.2 Evocations


You had 16 spell levels left.
You didn't know any spells.
Your spell library contained the following spells:

 Spells                   Type           Power      Damage    Failure   Level
 Animate Skeleton         Necr           18%        N/A       94%         1
 Pain                     Necr           36%        1d5       94%         1
 Sandblast                Erth           18%        2d7       94%         1
 Passwall                 Tmut/Erth      7%         N/A       98%         2
 Confusing Touch          Hex            9%         N/A       100%        3
 Gell's Gravitas          Tloc           4%         N/A       100%        3
 Stone Arrow              Conj/Erth      18%        3d8       100%        3
 Vampiric Draining        Necr           4%         2d6       100%        3
 Animate Dead             Necr           4%         N/A       100%        4
 Petrify                  Tmut/Erth      9%         N/A       100%        4
 Agony                    Necr           9%         N/A       100%        5
 Lee's Rapid Deconstruct  Erth           4%         3d6*      100%        5
 Metabolic Englaciation   Hex/Ice        4%         N/A       100%        5
 Yara's Violent Unravell  Hex/Tmut       4%         3d4       100%        5


Dungeon Overview and Level Annotations

Branches:
Dungeon (7/15)             Temple (0/1) D:6

Altars:
Ashenzari
Gozag
Hepliaklqana
Nemelex Xobeh
Trog
Vehumet
Wu Jian

Annotations:
D:7 1 transporter, Froggeryz's ghost, novice DEAE


Innate Abilities, Weirdness & Mutations

You have very sharp teeth.
Your uncanny sense of smell can sniff out nearby items.
Your experience applies equally to all skills.
You possess an exceptional clarity of mind.
Your magical capacity is low. (-10% MP)
You are robust. (+10% HP)


Message History

The air twists around and strikes you.
* * * LOW HITPOINT WARNING * * *
The water moccasin bites you but does no damage.
The bullfrog hits you.
* * * LOW HITPOINT WARNING * * *
The water moccasin barely misses you.
Okay, then.
Okay, then.
You feel much better.
You feel very sick. The bullfrog barely misses you.
The water moccasin barely misses you.
The water moccasin bites you but does no damage.
The water moccasin bites you!
You are more poisoned.
The water moccasin poisons you! The bullfrog hits you.
The water moccasin bites you.
* * * LOW HITPOINT WARNING * * *
You are lethally poisoned!
The water moccasin poisons you! Space bends around you!
You blink.
* * * LOW HITPOINT WARNING * * *
You feel extremely sick.
You hear an angry hiss. x2
As you read the scroll labelled PATRIG GISCHU, it crumbles to dust.
A profound silence engulfs you.
It was a scroll of silence.
* * * LOW HITPOINT WARNING * * *
You feel very sick.
Froggeryz's ghost hits you but does no damage.
Okay, then.
It was a potion of flight.
You feel very buoyant.
You fly up into the air.
* * * LOW HITPOINT WARNING * * *
You feel very sick. The bullfrog hits you.
* * * LOW HITPOINT WARNING * * *
The bullfrog misses you.
Froggeryz's ghost hits you but does no damage.
The water moccasin bites you.
You die...

##.............##.#
#..####.©.####....#
##.##..##### .###..#
#..#....$$)..#..##.##
#.##.##..=###....#...
#.#....(#.....#.##...
#.#..##..©..#...#..##
#.#..S...#..##..#.##
#.##@WS#.y)#....#.##
#..#.F..#......##..##
##.#####.§###©##.....
#.....####©###....#.
#####............#.#..
#......#..............
#.###.###.#.#........≈
#.# ##.#.##.######...≈
#.# ##.###.#####≈P..≈


You could see 2 water moccasins, a bullfrog (berserk) and Froggeryz's ghost
(swift).

Vanquished Creatures
  Grinder (D:5)
  Sigmund (D:5)
  A water moccasin (D:6)
  An orc warrior (D:5)
  A sky beast (D:5)
  A necrophage (D:6)
  3 ogres
  A kobold brigand (D:6)
  2 bullfrogs (D:7)
  A wyvern skeleton (D:6)
  2 centaur zombies
  2 hounds
  2 bullfrog skeletons
  4 orc priests
  A jelly (D:6)
  A centaur skeleton (D:7)
  A gnoll shaman (D:7)
  Jessica (D:2)
  3 iguanas
  4 orc wizards
  A killer bee zombie (D:7)
  A howler monkey zombie (D:6)
  10 gnolls
  7 adders
  A white imp (D:6)
  An ufetubus (D:6)
  A worm (D:5)
  4 dart slugs
  18 orcs
  4 ball pythons
  2 endoplasms
  4 giant cockroaches
  3 goblins
  6 hobgoblins
  18 jackals
  2 quokkas
  6 bats
  3 frilled lizards
  15 kobolds
  8 rats
149 creatures vanquished.

Vanquished Creatures (others)
  28 plants (D:7)
28 creatures vanquished.

Grand Total: 177 creatures vanquished

Notes
Turn   | Place    | Note
-------+----------+-------------------------------------------
     0 | Abyss:1  | Gargoyl the Gnoll Abyssal Knight began the quest for the
                  | Orb.
     0 | Abyss:1  | Reached XP level 1. HP: 23/23 MP: 3/3
    31 | Abyss:1  | Noticed a flying skull
    63 | Abyss:1  | Noticed a flying skull
    92 | Abyss:2  | Noticed a chaos spawn
   110 | Abyss:2  | Noticed a wretched star
   112 | D:1      | Escaped the Abyss
   173 | D:1      | Reached XP level 2. HP: 27/29 MP: 5/5
   272 | D:1      | Reached * piety under Lugonu
   385 | D:1      | Reached XP level 3. HP: 35/35 MP: 6/6
   701 | D:2      | Found a faded altar of an unknown god.
   776 | D:2      | Reached skill level 1 in Short Blades
   776 | D:2      | Reached skill level 1 in Long Blades
   776 | D:2      | Reached skill level 1 in Maces & Flails
   776 | D:2      | Reached skill level 1 in Polearms
   776 | D:2      | Reached skill level 1 in Staves
   776 | D:2      | Reached skill level 1 in Slings
   776 | D:2      | Reached skill level 1 in Bows
   776 | D:2      | Reached skill level 1 in Crossbows
   776 | D:2      | Reached skill level 1 in Throwing
   776 | D:2      | Reached skill level 1 in Stealth
   776 | D:2      | Reached skill level 1 in Shields
   776 | D:2      | Reached skill level 1 in Unarmed Combat
   776 | D:2      | Reached skill level 1 in Spellcasting
   776 | D:2      | Reached skill level 1 in Evocations
   800 | D:2      | Reached XP level 4. HP: 34/41 MP: 7/7
   880 | D:2      | Noticed Jessica
   890 | D:2      | Killed Jessica
   890 | D:2      | Reached ** piety under Lugonu
   891 | D:2      | Reached skill level 1 in Conjurations
   891 | D:2      | Reached skill level 1 in Hexes
   891 | D:2      | Reached skill level 1 in Summonings
   891 | D:2      | Reached skill level 1 in Necromancy
   891 | D:2      | Reached skill level 1 in Translocations
   891 | D:2      | Reached skill level 1 in Transmutations
   891 | D:2      | Reached skill level 1 in Fire Magic
   891 | D:2      | Reached skill level 1 in Ice Magic
   891 | D:2      | Reached skill level 1 in Air Magic
   891 | D:2      | Reached skill level 1 in Earth Magic
   891 | D:2      | Reached skill level 1 in Poison Magic
   903 | D:2      | Found a sparkling altar of Nemelex Xobeh.
  1354 | D:3      | Reached XP level 5. HP: 32/47 MP: 8/8
  1508 | D:3      | Reached skill level 5 in Invocations
  1594 | D:3      | Found a radiant altar of Vehumet.
  1602 | D:3      | Reached XP level 6. HP: 45/53 MP: 9/9
  1820 | D:3      | Reached skill level 5 in Axes
  1820 | D:3      | Reached skill level 5 in Armour
  1820 | D:3      | Reached *** piety under Lugonu
  2563 | D:4      | Found an ornate altar of the Wu Jian Council.
  2714 | D:5      | Entered Level 5 of the Dungeon
  2766 | D:5      | Reached XP level 7. HP: 59/59 MP: 10/10
  2901 | D:5      | Found a hazy altar of Hepliaklqana.
  2949 | D:5      | Found an opulent altar of Gozag.
  3033 | D:5      | Reached skill level 7 in Fighting
  3410 | D:5      | Noticed Sigmund
  3437 | D:5      | Killed Sigmund
  3463 | D:5      | Noticed Grinder
  3481 | D:5      | Killed Grinder
  3482 | D:5      | Reached XP level 8. HP: 67/67 MP: 12/12
  3746 | D:6      | Reached **** piety under Lugonu
  3831 | D:6      | Found a staircase to the Ecumenical Temple.
  3835 | D:6      | Gained mutation: You are robust. (+10% HP) [potion of
                  | mutation]
  3835 | D:6      | Gained mutation: You possess an exceptional clarity of
                  | mind. [potion of mutation]
  3835 | D:6      | Gained mutation: Your magical capacity is low. (-10% MP)
                  | [potion of mutation]
  4885 | D:7      | Reached XP level 9. HP: 62/79 MP: 13/13
  5099 | D:7      | Found a broken altar of Ashenzari.
  5108 | D:7      | Found a bloodstained altar of Trog.
  5753 | D:7      | Reached skill level 5 in Dodging
  5831 | D:7      | Found a transporter.
  5862 | D:7      | Noticed Froggeryz's ghost (novice DEAE)
  5867 | D:7      | Noticed a moth of wrath
  5875 | D:7      | Found a transporter.
  6467 | D:7      | HP: 2/81 [bullfrog (3)]
  6467 | D:7      | Slain by a water moccasin

Illustrated notes

Levels and vault maps discovered:
D:1:      minmay_arrival_diagonal_passages, layout_rooms,
          minmay_splitting_lines, minmay_cut_off
D:2:      layout_basic, ebering_ecumenical_altar_rust, basic_altar, uniq_jessica
D:3:      layout_loops_ring, lemuel_tele_altar
D:4:      layout_cave_pools, pdpol_wu_jian_five_deadly_venoms, serial_park,
          serial_park_square2, serial_park_tiny_2
D:5:      layout_basic, general_overflow_altar, nicolae_gozag_seed_capital,
          uniq_sigmund, uniq_grinder
D:6:      layout_gridville, minmay_temple_entry_junction_2
D:7:      layout_loops_ring, lemuel_crystal_altar, bloody_trog, serial_bayou,
          serial_bayou_pond_a, serial_bayou_shore_a, serial_bayou_pond_a,
          serial_bayou_ford_a, gammafunk_ghost_berserking_beasts

Skill      XL: |  1  2  3  4  5  6  7  8  9 |
---------------+----------------------------+-----
Short Blades   | 1 2 3 4 |  4.2
Long Blades    | 1 2 3 4 |  4.2
Maces & Flails | 1 2 3 4 |  4.2
Polearms       | 1 2 3 4 |  4.2
Staves         | 1 2 3 4 |  4.2
Slings         | 1 2 3 4 |  4.2
Bows           | 1 2 3 4 |  4.2
Crossbows      | 1 2 3 4 |  4.2
Throwing       | 1 2 3 4 |  4.2
Stealth        | 1 2 3 4 |  4.2
Shields        | 1 2 3 4 |  4.2
Unarmed Combat | 1 2 3 4 |  4.2
Spellcasting   | 1 2 3 4 |  4.2
Evocations     | 1 2 3 4 |  4.2
Conjurations   | 1 2 3 |  3.4
Hexes          | 1 2 3 |  3.4
Summonings     | 1 2 3 |  3.4
Necromancy     | 1 2 3 |  3.4
Translocations | 1 2 3 |  3.4
Transmutations | 1 2 3 |  3.4
Fire Magic     | 1 2 3 |  3.4
Ice Magic      | 1 2 3 |  3.4
Air Magic      | 1 2 3 |  3.4
Earth Magic    | 1 2 3 |  3.4
Poison Magic   | 1 2 3 |  3.4
Dodging        | 3 4 5 |  5.0
Invocations    | 5 6 |  6.6
Axes           | 5 6 |  6.3
Armour         | 5 6 |  6.3
Fighting       | 7 |  7.9

Action                   |  1- 3 |  4- 6 |  7- 9 || total
-------------------------+-------+-------+-------++-------
Melee: Hand axe          |    99 |   255 |   318 ||   672
       Bite              |    11 |    14 |    40 ||    65
       Punch             |       |     1 |     4 ||     5
       War axe           |       |       |    58 ||    58
       Unarmed           |       |       |     7 ||     7
Invok: Depart the Abyss  |     1 |       |       ||     1
       Banish            |       |       |     4 ||     4
       Bend Space        |       |       |     2 ||     2
  Use: Scroll            |       |     6 |     5 ||    11
       Potion            |       |     7 |     6 ||    13
 Stab: Distracted        |     1 |     1 |       ||     2
       Sleeping          |       |     2 |     3 ||     5
       Invisible         |       |       |     4 ||     4
Armor: Troll leather arm |    51 |    74 |    56 ||   181
       Skin              |       |    67 |       ||    67
       Plate armour      |       |       |   139 ||   139
Dodge: Dodged            |    87 |   244 |   242 ||   573

Table legend: (Time is in decaauts)
 A = Elapsed time spent in this place.
 B = Non-inter-level travel time spent in this place.
 C = Inter-level travel time spent in this place.
 D = Time resting spent in this place.
 E = Time spent auto-exploring this place.
 F = Levels seen in this place.
 G = Mean time per level.
                   A        B        C        D        E       F      G
               +--------+--------+--------+--------+--------+-----+--------+
         Total |   6517 |   6283 |    234 |    433 |   4194 |   9 |  724.1 |
       Dungeon |   6405 |   6171 |    234 |    433 |   4138 |   7 |  915.0 |
         Abyss |    111 |    111 |      0 |      0 |     56 |   2 |   55.5 |
               +--------+--------+--------+--------+--------+-----+--------+

Top non-repeatable levels by time:
     D:7: 1719 daAuts
     D:6: 1040 daAuts
     D:5: 1039 daAuts
     D:3: 874 daAuts
     D:2: 623 daAuts
     D:1: 575 daAuts
     D:4: 532 daAuts
 Abyss:1: 75 daAuts
 Abyss:2: 36 daAuts
